 Dungeon Crawl Stone Soup version 0.29.0-4-gdea44cf6ec (webtiles) character file.

Game seed: 7832149356151250284

5960 qw the Cleaver (level 10, -5/80 HPs)
             Began as a Demonspawn Cinder Acolyte on Sept 9, 2022.
             Was an Initiate of Ignis.
             Slain by a komodo dragon (16 damage)
             ... on level 1 of the Lair of Beasts.
             The game lasted 00:03:03 (8694 turns).

qw the Cleaver (Demonspawn Cinder Acolyte)          Turns: 8694, Time: 00:03:03

Health: -5/80      AC: 25    Str: 21    XL:     10   Next: 54%
Magic:  0/11       EV:  9    Int: 15    God:    Ignis [......]
Gold:   424        SH:  0    Dex: 10    Spells: 11/11 levels left

rFire   + + .      SeeInvis .   Y - -1 hand axe (flame)
rCold   . . .      Faith    .   (no shield)
rNeg    . . .      Spirit   +   b - +1 plate armour
rPois   +          Reflect  .   a - +2 hat
rElec   .          Harm     .   (no cloak)
rCorr   .          Rampage  .   m - +2 pair of gloves {Str+3}
Will    .....                   (no boots)
Stlth   ..........              f - amulet of guardian spirit
HPRegen 0.23/turn               d - ring of protection from fire
MPRegen 0.12/turn               i - ring of poison resistance

@: about to teleport, fiery-armoured
A: horns 2, repulsion field 2, demonic guardian 1, foul stench 1
a: Renounce Religion, Rising Flame


You were on level 1 of the Lair of Beasts.
You worshipped Ignis.
Ignis was noncommittal.
You visited 2 branches of the dungeon, and saw 9 of its levels.

You collected 550 gold pieces.
You spent 126 gold pieces at shops.


Innate Abilities, Weirdness & Mutations

You have a pair of horns on your head.
You are surrounded by a moderate repulsion field. (EV +3)
A weak demonic guardian rushes to your aid.
You may rarely emit foul miasma when damaged in melee.


   Skills:
 - Level 8.0 Fighting
 + Level 11.6 Axes
 - Level 2.7 Throwing
 - Level 5.0 Armour
 - Level 2.0 Dodging
 - Level 1.0 Spellcasting
 - Level 2.6 Fire Magic


You had 11 spell levels left.
You didn't know any spells.
Your spell library contained the following spells:

 Spells                   Type           Power      Damage    Failure   Level
 Scorch                   Fire           16%        2d6       95%         2

Inventory:

Hand Weapons
 Y - a -1 hand axe of flaming (weapon)
Missiles
 l - 2 silver boomerangs (quivered)
Armour
 a - a +2 hat (worn)
 b - a +1 plate armour (worn)
 m - a +2 pair of gloves of strength (worn)
Jewellery
 d - a ring of protection from fire (left hand)
 f - an amulet of guardian spirit (around neck)
 g - the ring "Vyiniall" {Contam rElec rN+ Int+2 Stlth+}
   (You found it on level 1 of the Lair of Beasts)

   [ring of positive energy]

   Int:       It affects your intelligence (+2).
   rElec:     It insulates you from electricity.
   rN:        It protects you from negative energy.
   Contam:    It causes magical contamination when unequipped.
   Stlth:     It makes you more stealthy.
 i - a ring of poison resistance (right hand)
 p - a ring of resist corrosion
Scrolls
 e - 2 scrolls of identify
 k - 3 scrolls of teleportation
Potions
 c - 4 potions of curing
 j - a potion of mutation

Dungeon Overview and Level Annotations

Branches:
Dungeon (8/15)             Temple (0/1) D:6            Lair (1/5) D:8

Altars:
Ashenzari
Dithmenos
Gozag
Trog

Shops:
D:4 =   D:6 *

Annotations:
D:4 2 runed translucent doors, qw's ghost, amateur FoCA
D:6 1 runed translucent door, qw's ghost, novice DsCA


Message History

The black bear is almost dead.
The black bear barely misses you.
You hit the black bear. You burn the black bear. You headbutt the black bear.
You kill the black bear!
You start resting.
A komodo dragon is nearby!
8679 ||| Stepping ~*~*~tactically~*~*~ (stealth).
You see here a komodo dragon corpse.
You start resting.
A komodo dragon is nearby!
8687 ||| Stepping ~*~*~tactically~*~*~ (stealth).
Throw: 2 boomerangs (silver)
Press: ? - help, Q - select action Shift-Dir - straight line, f - komodo dragon You throw a silver boomerang.
The komodo dragon hisses angrily.
The silver boomerang hits the komodo dragon but does no damage.
The komodo dragon is lightly wounded.
You slash the komodo dragon! You burn the komodo dragon.
You headbutt the komodo dragon!
The komodo dragon is heavily wounded.
The komodo dragon bites you.
The komodo dragon is burned by your cloak of flames.
The komodo dragon is heavily wounded.
You slash the komodo dragon! You burn the komodo dragon.
The komodo dragon is severely wounded.
You closely miss the komodo dragon.
The komodo dragon is severely wounded.
The komodo dragon bites you but does no damage.
The komodo dragon is burned by your cloak of flames.
The komodo dragon is severely wounded.
You barely miss the komodo dragon. You headbutt the komodo dragon!
The komodo dragon is almost dead.
The komodo dragon bites you!!
A demonic guardian appears!
The komodo dragon is burned by your cloak of flames.
The komodo dragon is almost dead.
8694 ||| READING 4 scrolls of teleportation.
As you read the scroll of teleportation, it crumbles to dust.
You feel strangely unstable. The komodo dragon bites you!!
You die...

#..... ...... .#....##..
..... ........ .###
....... .# ...# ..... .#
#..# .... # .# #..P #.}
.# .# #..# #5# ..# .#
#..#####@# l..## .#
####..#.##.l##....$.
.#####.#.................
.........................
...........###.##.##.####
...###.##..# ###### #
..## # #..#####.# ..#
#.........
..#######.........


You could see a komodo dragon (ally target) and a friendly white imp (summoned).

Vanquished Creatures
  Pikel (D:8)
  A cane toad (Lair:1)
  A komodo dragon (Lair:1)
  A troll (D:8)
  A hornet (D:8)
  Prince Ribbit (D:8)
  4 yaks (D:8)
  Eustachio (D:6)
  Edmund (D:6)
  3 water moccasins
  3 ice beasts
  4 black bears
  4 sky beasts
  3 wolves (D:8)
  2 centaurs
  A phantom (D:6)
  A kobold brigand (D:7)
  4 bullfrogs
  4 wights (D:8)
  2 scorpions
  3 electric eels (D:8)
  2 howler monkeys (D:8)
  8 hounds
  A jelly (D:6)
  5 orc priests
  6 orc wizards
  5 gnolls
  8 adders
  2 white imps
  3 worms
  5 dart slugs
  19 orcs
  5 bats
  An endoplasm (D:4)
  4 giant cockroaches
  4 goblins
  6 hobgoblins
  7 kobolds
  3 quokkas
  2 ball pythons
  2 frilled lizards (D:2)
  2 rats (D:2)
146 creatures vanquished.

Vanquished Creatures (collateral kills)
  Menkaure (D:5)
1 creature vanquished.

Vanquished Creatures (others)
  2 withered plants (D:6)
2 creatures vanquished.

Grand Total: 149 creatures vanquished

Notes
Turn   | Place    | Note
-------+----------+-------------------------------------------
     0 | D:1      | qw the Demonspawn Cinder Acolyte began the quest for the
                  | Orb.
     0 | D:1      | Reached XP level 1. HP: 18/18 MP: 2/2
     0 | D:1      | 0 ||| qw: Version: 0.1-a-113-g051387a
     0 | D:1      | 0 ||| qw: Game counter: 7357
     0 | D:1      | 0 ||| qw: Always use a shield: true
     0 | D:1      | 0 ||| qw: God list: Okawaru
     0 | D:1      | 0 ||| qw: Allow faded altars: false
     0 | D:1      | 0 ||| qw: Do Orc after D:15 true
     0 | D:1      | 0 ||| qw: Do second Lair branch before Depths: true
     0 | D:1      | 0 ||| qw: Lair rune preference: random
     0 | D:1      | 0 ||| qw: Plans: Normal
     0 | D:1      | 0 ||| PLANNING D:1-11
   145 | D:1      | 145 ||| INVOKING Fiery Armour.
   146 | D:1      | Reached skill level 3 in Axes
   146 | D:1      | Gained mutation: You have a pair of small horns on your
                  | head. [demonic ancestry]
   146 | D:1      | Reached XP level 2. HP: 7/24 MP: 3/3
   655 | D:1      | 655 ||| UPGRADING to +0 scale mail.
   665 | D:1      | 665 ||| DROPPING +0 robe.
   666 | D:1      | 666 ||| READING scroll labelled TAEWNY ESMUM.
   667 | D:1      | 667 ||| READING scroll labelled AROUJAAL ARCHI.
   668 | D:1      | 668 ||| READING scroll labelled PEGINU REOPP.
   669 | D:1      | 669 ||| READING scroll labelled YBUANA ESEOCK.
   670 | D:1      | 670 ||| READING scroll labelled OKOANYNTON.
   771 | D:1      | 771 ||| READING 3 scrolls labelled GEIMMA YKIUNUT.
   882 | D:2      | 882 ||| INVOKING Fiery Armour.
   883 | D:2      | Gained mutation: You are surrounded by a mild repulsion
                  | field. (EV +2) [demonic ancestry]
   883 | D:2      | Reached XP level 3. HP: 11/29 MP: 4/4
  1116 | D:2      | Reached skill level 1 in Throwing
  1456 | D:2      | Reached skill level 4 in Axes
  1477 | D:2      | Found a faded altar of an unknown god.
  1882 | D:2      | 1882 ||| UPGRADING to ring of protection from fire.
  1883 | D:2      | 1883 ||| READING scroll labelled USHOPT ARADEL.
  1884 | D:2      | 1884 ||| READING scroll labelled ZEROQE FUBU.
  1885 | D:2      | 1885 ||| READING scroll labelled DAMIWA NYSA.
  1886 | D:2      | 1886 ||| DRINKING 3 yellow potions.
  1925 | D:3      | Reached skill level 1 in Armour
  1933 | D:3      | Reached XP level 4. HP: 22/35 MP: 5/5
  2304 | D:3      | 2304 ||| Stepping ~*~*~tactically~*~*~ (stealth).
  2307 | D:3      | 2307 ||| Stepping ~*~*~tactically~*~*~ (stealth).
  2308 | D:3      | 2308 ||| Stepping ~*~*~tactically~*~*~ (stealth).
  2324 | D:3      | 2324 ||| FLEEEEING.
  2325 | D:3      | 2325 ||| FLEEEEING.
  2326 | D:3      | 2326 ||| FLEEEEING.
  2329 | D:3      | 2329 ||| FLEEEEING.
  2330 | D:3      | 2330 ||| FLEEEEING.
  2331 | D:3      | 2331 ||| FLEEEEING.
  2332 | D:3      | 2332 ||| FLEEEEING.
  2333 | D:3      | 2333 ||| FLEEEEING.
  2334 | D:3      | 2334 ||| FLEEEEING.
  2351 | D:3      | 2351 ||| FLEEEEING.
  2352 | D:3      | 2352 ||| FLEEEEING.
  2361 | D:3      | 2361 ||| STAIRDANCE
  2411 | D:2      | 2411 ||| UPGRADING to +0 chain mail.
  2421 | D:2      | 2421 ||| DROPPING +0 scale mail.
  2422 | D:2      | 2422 ||| UPGRADING to amulet of guardian spirit.
  2446 | D:3      | 2446 ||| Stepping ~*~*~tactically~*~*~ (stealth).
  2448 | D:3      | 2448 ||| Stepping ~*~*~tactically~*~*~ (stealth).
  2450 | D:3      | 2450 ||| Stepping ~*~*~tactically~*~*~ (hiding).
  2821 | D:3      | 2821 ||| READING scroll labelled JUTUYTIONN.
  2822 | D:3      | 2822 ||| READING scroll labelled IRAXYM PUVU.
  2860 | D:4      | 2860 ||| Stepping ~*~*~tactically~*~*~ (stealth).
  2863 | D:4      | 2863 ||| Stepping ~*~*~tactically~*~*~ (stealth).
  2971 | D:4      | Found Faad's Jewellery Emporium.
  2975 | D:4      | 2975 ||| SHOPLISTING +4 ring of evasion (468 gold, have
                  | 171).
  2975 | D:4      | 2975 ||| SHOPLISTING ring of Omou {rElec rPois AC+4 Int+10
                  | Dex-4} (868 gold, have 171).
  2975 | D:4      | 2975 ||| SHOPLISTING ring of ice (325 gold, have 171).
  2975 | D:4      | 2975 ||| SHOPLISTING ring of poison resistance (260 gold,
                  | have 171).
  2975 | D:4      | 2975 ||| SHOPLISTING ring of positive energy (260 gold,
                  | have 171).
  2975 | D:4      | 2975 ||| SHOPLISTING ring of protection from fire (325
                  | gold, have 171).
  2975 | D:4      | 2975 ||| SHOPLISTING ring of see invisible (195 gold, have
                  | 171).
  2975 | D:4      | 2975 ||| SHOPLISTING ring of willpower (325 gold, have
                  | 171).
  3118 | D:4      | Gained mutation: You may rarely emit foul miasma when
                  | damaged in melee. [demonic ancestry]
  3118 | D:4      | Reached XP level 5. HP: 41/41 MP: 6/6
  3131 | D:4      | Found a large runed translucent door.
  3131 | D:4      | Found a large runed translucent door.
  3133 | D:4      | Noticed qw's ghost (amateur FoCA)
  3502 | D:4      | 3502 ||| UPGRADING to +2 pair of gloves of strength.
  3507 | D:4      | 3507 ||| UPGRADING to ring of poison resistance.
  3538 | D:5      | Entered Level 5 of the Dungeon
  3539 | D:5      | 3539 ||| INVOKING Fiery Armour.
  3540 | D:5      | 3540 ||| STAIRDANCE
  3544 | D:4      | Reached skill level 5 in Axes
  3603 | D:5      | 3603 ||| Stepping ~*~*~tactically~*~*~ (stealth).
  3604 | D:5      | 3604 ||| Stepping ~*~*~tactically~*~*~ (hiding).
  3618 | D:5      | Reached XP level 6. HP: 46/47 MP: 7/7
  3768 | D:5      | 3768 ||| INVOKING Fiery Armour.
  3775 | D:5      | Reached skill level 6 in Axes
  3849 | D:5      | 3849 ||| FLEEEEING.
  3850 | D:5      | 3850 ||| STAIRDANCE
  3947 | D:4      | 3947 ||| DRINKING 2 sedimented ruby potions.
  3948 | D:4      | 3948 ||| READING 2 scrolls of identify.
  3948 | D:4      | 3948 ||| IDENTIFYING metallic white potion
  3949 | D:4      | 3949 ||| DROPPING potion of brilliance.
  3950 | D:4      | 3950 ||| DROPPING potion of attraction.
  4035 | D:5      | Found an opulent altar of Gozag.
  4224 | D:5      | Found a shadowy altar of Dithmenos.
  4266 | D:5      | 4266 ||| INVOKING Fiery Armour.
  4268 | D:5      | Noticed a water moccasin
  4274 | D:5      | Reached skill level 1 in Dodging
  4277 | D:5      | Killed a water moccasin
  4279 | D:5      | Gained mutation: A weak demonic guardian rushes to your
                  | aid. [demonic ancestry]
  4279 | D:5      | Reached XP level 7. HP: 42/54 MP: 6/8
  4280 | D:5      | 4280 ||| Stepping ~*~*~tactically~*~*~ (stealth).
  4524 | D:5      | Noticed Menkaure
  4525 | D:5      | 4525 ||| Stepping ~*~*~tactically~*~*~ (hiding).
  4526 | D:5      | 4526 ||| Stepping ~*~*~tactically~*~*~ (hiding).
  4528 | D:5      | 4528 ||| Stepping ~*~*~tactically~*~*~ (hiding).
  4535 | D:5      | 4535 ||| INVOKING Fiery Armour.
  4536 | D:5      | Killed Menkaure
  4860 | D:5      | 4860 ||| READING scroll labelled POVUOM QEWK.
  4914 | D:6      | Found a runed translucent door.
  4915 | D:6      | Noticed qw's ghost (novice DsCA)
  4985 | D:6      | Reached skill level 7 in Axes
  4990 | D:6      | Found a staircase to the Ecumenical Temple.
  5009 | D:6      | Noticed Edmund
  5010 | D:6      | 5010 ||| Stepping ~*~*~tactically~*~*~ (stealth).
  5012 | D:6      | 5012 ||| INVOKING Fiery Armour.
  5013 | D:6      | 5013 ||| Stepping ~*~*~tactically~*~*~ (stealth).
  5029 | D:6      | Killed Edmund
  5067 | D:6      | 5067 ||| Stepping ~*~*~tactically~*~*~ (stealth).
  5072 | D:6      | 5072 ||| Stepping ~*~*~tactically~*~*~ (stealth).
  5081 | D:6      | 5081 ||| Stepping ~*~*~tactically~*~*~ (stealth).
  5207 | D:6      | Found a bloodstained altar of Trog.
  5240 | D:6      | Reached XP level 8. HP: 56/60 MP: 9/9
  5241 | D:6      | 5241 ||| FLEEEEING.
  5242 | D:6      | 5242 ||| FLEEEEING.
  5243 | D:6      | 5243 ||| FLEEEEING.
  5244 | D:6      | 5244 ||| FLEEEEING.
  5245 | D:6      | 5245 ||| FLEEEEING.
  5246 | D:6      | 5246 ||| FLEEEEING.
  5248 | D:6      | 5248 ||| FLEEEEING.
  5249 | D:6      | 5249 ||| FLEEEEING.
  5250 | D:6      | 5250 ||| FLEEEEING.
  5251 | D:6      | 5251 ||| FLEEEEING.
  5252 | D:6      | 5252 ||| FLEEEEING.
  5253 | D:6      | 5253 ||| FLEEEEING.
  5254 | D:6      | 5254 ||| FLEEEEING.
  5255 | D:6      | 5255 ||| FLEEEEING.
  5256 | D:6      | 5256 ||| FLEEEEING.
  5257 | D:6      | 5257 ||| FLEEEEING.
  5258 | D:6      | 5258 ||| FLEEEEING.
  5259 | D:6      | 5259 ||| FLEEEEING.
  5260 | D:6      | 5260 ||| FLEEEEING.
  5261 | D:6      | 5261 ||| FLEEEEING.
  5262 | D:6      | 5262 ||| FLEEEEING.
  5263 | D:6      | 5263 ||| FLEEEEING.
  5410 | D:6      | Noticed Eustachio
  5415 | D:6      | 5415 ||| INVOKING Fiery Armour.
  5438 | D:6      | Killed Eustachio
  5439 | D:6      | Reached skill level 8 in Axes
  5829 | D:6      | Found Gokhlufei's General Store.
  5853 | D:6      | Found Umpon's Specific Store.
  5857 | D:6      | 5857 ||| BUYING potion of heal wounds (60 gold).
  5857 | D:6      | Bought a potion of heal wounds for 60 gold pieces
  5866 | D:6      | 5866 ||| BUYING 3 scrolls of identify (66 gold).
  5866 | D:6      | Bought 3 scrolls of identify for 66 gold pieces
  5944 | D:6      | Reached skill level 9 in Axes
  6176 | D:6      | 6176 ||| READING scroll labelled UGEISTR QITINY.
  6303 | D:6      | 6303 ||| DRINKING 2 fizzy red potions.
  6325 | D:6      | 6325 ||| READING 5 scrolls of identify.
  6325 | D:6      | 6325 ||| IDENTIFYING fuming silvery potion
  6326 | D:6      | 6326 ||| READING 4 scrolls of identify.
  6326 | D:6      | 6326 ||| IDENTIFYING cyan potion
  6327 | D:6      | 6327 ||| DROPPING potion of lignification.
  6328 | D:6      | 6328 ||| DROPPING potion of flight.
  6352 | D:7      | Found a broken altar of Ashenzari.
  6508 | D:7      | 6508 ||| Stepping ~*~*~tactically~*~*~ (hiding).
  6511 | D:7      | 6511 ||| INVOKING Fiery Armour.
  6514 | D:7      | Reached skill level 3 in Armour
  6520 | D:7      | Gained mutation: You are surrounded by a moderate repulsion
                  | field. (EV +3) [demonic ancestry]
  6520 | D:7      | Reached XP level 9. HP: 33/68 MP: 3/10
  6787 | D:7      | 6787 ||| Stepping ~*~*~tactically~*~*~ (hiding).
  6788 | D:7      | 6788 ||| Stepping ~*~*~tactically~*~*~ (hiding).
  6789 | D:7      | 6789 ||| Stepping ~*~*~tactically~*~*~ (hiding).
  6905 | D:7      | Reached skill level 6 in Fighting
  6981 | D:7      | 6981 ||| FLEEEEING.
  6982 | D:7      | 6982 ||| FLEEEEING.
  6986 | D:7      | 6986 ||| Stepping ~*~*~tactically~*~*~ (stealth).
  7001 | D:7      | 7001 ||| INVOKING Fiery Armour.
  7003 | D:7      | 7003 ||| FLEEEEING.
  7004 | D:7      | 7004 ||| FLEEEEING.
  7005 | D:7      | 7005 ||| FLEEEEING.
  7007 | D:7      | 7007 ||| FLEEEEING.
  7008 | D:7      | 7008 ||| FLEEEEING.
  7009 | D:7      | 7009 ||| FLEEEEING.
  7010 | D:7      | 7010 ||| FLEEEEING.
  7011 | D:7      | 7011 ||| FLEEEEING.
  7012 | D:7      | 7012 ||| FLEEEEING.
  7013 | D:7      | 7013 ||| FLEEEEING.
  7014 | D:7      | 7014 ||| FLEEEEING.
  7015 | D:7      | 7015 ||| FLEEEEING.
  7016 | D:7      | 7016 ||| STAIRDANCE
  7240 | D:6      | 7240 ||| UPGRADING to +0 plate armour.
  7250 | D:6      | 7250 ||| DROPPING +0 chain mail.
  7251 | D:6      | 7251 ||| READING scroll of enchant armour.
  7251 | D:6      | 7251 ||| ENCHANTING +0 plate armour.
  7252 | D:6      | 7252 ||| READING 3 scrolls of identify.
  7252 | D:6      | 7252 ||| IDENTIFYING metallic green potion
  7253 | D:6      | 7253 ||| DROPPING potion of ambrosia.
  7422 | D:7      | 7422 ||| UPGRADING to +2 hat.
  7527 | D:8      | Noticed Prince Ribbit
  7540 | D:8      | Killed Prince Ribbit
  7589 | D:8      | Noticed Pikel
  7591 | D:8      | 7591 ||| Stepping ~*~*~tactically~*~*~ (stealth).
  7593 | D:8      | 7593 ||| INVOKING Fiery Armour.
  7595 | D:8      | 7595 ||| Stepping ~*~*~tactically~*~*~ (stealth).
  7601 | D:8      | Reached skill level 10 in Axes
  7615 | D:8      | Killed Pikel
  7637 | D:8      | Noticed a troll
  7644 | D:8      | Gained mutation: You have a pair of horns on your head.
                  | [demonic ancestry]
  7644 | D:8      | Reached XP level 10. HP: 50/79 MP: 6/11
  7685 | D:8      | 7685 ||| FLEEEEING.
  7686 | D:8      | 7686 ||| FLEEEEING.
  7687 | D:8      | 7687 ||| FLEEEEING.
  7688 | D:8      | 7688 ||| FLEEEEING.
  7689 | D:8      | 7689 ||| FLEEEEING.
  7690 | D:8      | 7690 ||| FLEEEEING.
  7691 | D:8      | 7691 ||| FLEEEEING.
  7692 | D:8      | 7692 ||| FLEEEEING.
  7695 | D:8      | 7695 ||| FLEEEEING.
  7696 | D:8      | 7696 ||| FLEEEEING.
  7697 | D:8      | 7697 ||| FLEEEEING.
  7698 | D:8      | 7698 ||| Stepping ~*~*~tactically~*~*~ (stealth).
  7699 | D:8      | 7699 ||| FLEEEEING.
  7700 | D:8      | 7700 ||| FLEEEEING.
  7701 | D:8      | 7701 ||| FLEEEEING.
  7702 | D:8      | 7702 ||| Stepping ~*~*~tactically~*~*~ (stealth).
  7703 | D:8      | 7703 ||| Stepping ~*~*~tactically~*~*~ (stealth).
  7704 | D:8      | 7704 ||| FLEEEEING.
  7705 | D:8      | 7705 ||| FLEEEEING.
  7706 | D:8      | 7706 ||| FLEEEEING.
  7707 | D:8      | 7707 ||| FLEEEEING.
  7726 | D:8      | 7726 ||| INVOKING Fiery Armour.
  7729 | D:8      | Reached skill level 11 in Axes
  8033 | D:8      | 8033 ||| Stepping ~*~*~tactically~*~*~ (stealth).
  8072 | D:8      | Found a staircase to the Lair.
  8076 | D:8      | 8076 ||| FLEEEEING.
  8077 | D:8      | 8077 ||| FLEEEEING.
  8078 | D:8      | 8078 ||| FLEEEEING.
  8123 | D:8      | 8123 ||| INVOKING Fiery Armour.
  8134 | D:8      | HP: 18/78 [electric eel/bolt of electricity (6)]
  8135 | D:8      | 8135 ||| READING 5 scrolls of teleportation.
  8136 | D:8      | 8136 ||| DRINKING 3 potions of heal wounds.
  8137 | D:8      | 8137 ||| DRINKING 2 potions of heal wounds.
  8139 | D:8      | HP: 9/78 [electric eel/bolt of electricity (14)]
  8140 | D:8      | 8140 ||| DRINKING potion of heal wounds.
  8141 | D:8      | 8141 ||| FLEEEEING.
  8142 | D:8      | 8142 ||| FLEEEEING.
  8143 | D:8      | 8143 ||| FLEEEEING.
  8144 | D:8      | 8144 ||| FLEEEEING.
  8145 | D:8      | 8145 ||| FLEEEEING.
  8147 | D:8      | 8147 ||| STAIRDANCE
  8149 | D:7      | 8149 ||| PLANNING LAIR
  8395 | D:8      | 8395 ||| FLEEEEING.
  8396 | D:8      | 8396 ||| FLEEEEING.
  8397 | D:8      | 8397 ||| FLEEEEING.
  8562 | Lair:1   | Entered Level 1 of the Lair of Beasts
  8607 | Lair:1   | Noticed a cane toad
  8615 | Lair:1   | Killed a cane toad
  8626 | Lair:1   | Identified the ring "Vyiniall" {Contam rElec rN+ Int+2
                  | Stlth+}
  8657 | Lair:1   | 8657 ||| Stepping ~*~*~tactically~*~*~ (stealth).
  8669 | Lair:1   | 8669 ||| Stepping ~*~*~tactically~*~*~ (stealth).
  8670 | Lair:1   | 8670 ||| INVOKING Fiery Armour.
  8679 | Lair:1   | 8679 ||| Stepping ~*~*~tactically~*~*~ (stealth).
  8687 | Lair:1   | 8687 ||| Stepping ~*~*~tactically~*~*~ (stealth).
  8693 | Lair:1   | HP: 11/80 [komodo dragon (19)]
  8694 | Lair:1   | 8694 ||| READING 4 scrolls of teleportation.
  8694 | Lair:1   | Slain by a komodo dragon

Levels and vault maps discovered:
D:1:      minmay_arrival_hallway, layout_basic
D:2:      layout_basic, ebering_ecumenical_altar_box
D:3:      layout_rooms
D:4:      layout_loops_ring, ebering_ghost_disaster_area, serial_shops,
          nicolae_diamond_shop, grunt_decor_junction
D:5:      layout_loops_ring, mainiacjoe_overflow_chevrons,
          mainiacjoe_overflow_six_doors_small, nicolae_hexahallways,
          uniq_menkaure
D:6:      minmay_spotlight, layout_basic,
          mainiacjoe_overflow_concentric_impassable, zin_treasury,
          minmay_temple_entry_tees, gammafunk_ghost_grave,
          nicolae_specific_store, amcnicky_mini_pool_small, due_unseen_surprise,
          uniq_edmund, uniq_eustachio
D:7:      layout_rooms, cheibrodos_ashenzari_chains, grunt_ministairs_7,
          hex_tiny, kennysheep_generic_room_3
D:8:      layout_loops_ring, erik_lair_island, ebering_ghost_rock_garden,
          hangedman_abyss_or_decor_stagger, uniq_pikel, uniq_prince_ribbit1,
          uniq_maggie
Lair:1:   layout_small_grid, patterned_corridor, infiniplex_staircase_pool_2,
          grunt_megastairs_5, lemuel_fruit_fields

Skill      XL: |  1  2  3  4  5  6  7  8  9 10 |
---------------+-------------------------------+-----
Axes           | 3 4 5 6 7 9 10 11 | 11.6
Throwing       | 1 2 |  2.7
Armour         | 1 2 3 5 |  5.0
Dodging        | 1 2 |  2.0
Fighting       | 4 5 7 8 |  8.0
Spellcasting   | |  1.0
Fire Magic     | |  2.6

Action                   |  1- 3 |  4- 6 |  7- 9 | 10-12 || total
-------------------------+-------+-------+-------+-------++-------
Melee: Hand axe          |    80 |   136 |   255 |   134 ||   605
       Headbutt          |     9 |    18 |    41 |    21 ||    89
       Punch             |     1 |       |     1 |     2 ||     4
Throw: Javelin           |    34 |    20 |    31 |       ||    85
       Boomerang         |       |       |     3 |    10 ||    13
Invok: Fiery Armour      |     2 |     3 |     6 |     3 ||    14
  Use: Scroll            |     9 |     3 |     6 |     2 ||    20
       Potion            |     1 |     1 |     1 |     3 ||     6
 Stab: Distracted        |       |       |     1 |       ||     1
Armor: Robe              |     4 |       |       |       ||     4
       Scale mail        |    35 |     6 |       |       ||    41
       Chain mail        |       |    70 |   128 |       ||   198
       Plate armour      |       |       |    45 |    54 ||    99
Dodge: Dodged            |    31 |    64 |   123 |    39 ||   257

Table legend:
 A = Non-vault XP
 B = Vault XP
 C = Vault XP percentage of total XP
 D = Non-vault monster count
 E = Vault monster count
 F = Vault count percentage of total count
                 A         B        C        D         E       F
            +---------+---------+-------+---------+---------+-------
      Total |    5884 |    2631 |  30.9 |     130 |      17 |  11.6
            +---------+---------+-------+---------+---------+-------
        D:1 |      27 |       0 |   0.0 |       8 |       0 |   0.0
        D:2 |      60 |       0 |   0.0 |      21 |       0 |   0.0
        D:3 |      64 |       0 |   0.0 |      15 |       0 |   0.0
        D:4 |      95 |       0 |   0.0 |      12 |       0 |   0.0
        D:5 |     538 |     169 |  23.9 |      18 |       1 |   5.3
        D:6 |    1042 |     467 |  30.9 |      11 |       3 |  21.4
        D:7 |     979 |      91 |   8.5 |      21 |       2 |   8.7
        D:8 |    2158 |    1773 |  45.1 |      21 |      10 |  32.3
     Lair:1 |     921 |     131 |  12.5 |       3 |       1 |  25.0
            +---------+---------+-------+---------+---------+-------
